 Dungeon Crawl Stone Soup version 0.22.0-2-ge58baed0e8 (webtiles) character file.

51 Chiseanne the Covert (level 3, 0/18 HPs)
             Began as a Spriggan Assassin on Aug 13, 2018.
             Slain by a worm (6 damage)
             ... on level 2 of the Dungeon.
             The game lasted 00:03:49 (1335 turns).

Chiseanne the Covert (Spriggan Assassin)            Turns: 1335, Time: 00:03:49

Health: 0/18       AC:  3    Str:  7    XL:     3   Next: 58%
Magic:  4/4        EV: 17    Int: 12    God:
Gold:   81         SH:  0    Dex: 18    Spells: 2/2 levels left

rFire    . . .     SeeInvis +   w - +0 blowgun
rCold    . . .     Gourm    .   (shield restricted)
rNeg     . . .     Faith    .   c - +0 robe
rPois    .         Spirit   .   (helmet restricted)
rElec    .         Reflect  .   d - +0 cloak
rCorr    .         Harm     .   (gloves unavailable)
MR       .....                  (boots unavailable)
Stlth    ++++......             (no amulet)
HPRegen  0.06/turn              (no ring)
MPRegen  0.09/turn              (no ring)

@: very quick
A: very small, unfitting armour, see invisible, herbivore, speed 3, slow
metabolism 2
a: no special abilities


You were on level 2 of the Dungeon.
You were not hungry.

You visited 1 branch of the dungeon, and saw 2 of its levels.

You collected 81 gold pieces.

Inventory:

Hand Weapons
 a - a +3 dagger
 w - a +0 blowgun (weapon)
Missiles
 p - 60 stones (quivered)
 r - 39 bolts
Armour
 c - a +0 robe (worn)
 d - a +0 cloak (worn)
Jewellery
 b - an uncursed ring of magical power {unknown}
Potions
 h - 3 potions of curing
 i - a potion of lignification {unknown}
 m - 2 potions of brilliance
 o - 2 potions of agility
Comestibles
 g - 3 rations


   Skills:
 - Level 1.5 Fighting
 - Level 2.1 Short Blades
 - Level 2.0 Throwing
 - Level 1.5 Dodging
 * Level 8.1 Stealth


You had 2 spell levels left.
You didn't know any spells.
Your spell library was empty.

Dungeon Overview and Level Annotations

Branches:
Dungeon (2/15)

Altars:


Innate Abilities, Weirdness & Mutations

You are very small and have problems with some larger weapons.
You are too small for most types of armour.
You have supernaturally acute eyesight. (SInv)
You are a herbivore.
You cover ground extremely quickly.
You need to consume almost no food.


Message History

The poisoned needle closely misses the adder.
Firing (i - inventory. (/) - cycle)
e - a poisoned needle (quivered)
Press: ? - help, Shift-Dir - straight line, f/p - adder
Aim: an adder You shoot a poisoned needle.
The poisoned needle barely misses the adder.
Firing (i - inventory. (/) - cycle)
f - 2 curare-tipped needles (quivered)
Press: ? - help, Shift-Dir - straight line, f/p - adder
Aim: an adder You shoot a curare-tipped needle.
The curare-tipped needle misses the adder.
Firing (i - inventory. (/) - cycle)
f - a curare-tipped needle (quivered)
Press: ? - help, Shift-Dir - straight line, f/p - adder
Aim: an adder You shoot a curare-tipped needle.
The curare-tipped needle barely misses the adder.
You aren't carrying any items that you can evoke.
Unknown command.
The worm bites you.
You die...

###+#..#.................##..# ..
#.................>.......#......
#.............)........w..#.##.#.
#.........#....#######.<.........
#............#.#######)...(....#.
................S..>##w.......###
#......#.......##.#.#............
#.......#....####.#.........#####
#.......#.......@w#.........#<..#
........##...###............#....
##########...###.....†÷.÷...#.#..
#....#.............#.#..
#....#...............#.#
#....##...<..........#.#
.........#...........#.#
.....####.#.......#.(.#.#
#...........#.#.#<.


You could see a worm.

Vanquished Creatures
  A gnoll (D:1)
  An adder (D:1)
  A dart slug (D:2)
  A leopard gecko (D:1)
  A bat (D:2)
  2 giant cockroaches
  4 goblins
  3 hobgoblins (D:1)
  5 jackals (D:2)
  4 kobolds
  5 rats
28 creatures vanquished.

Notes
Turn   | Place    | Note
-------+----------+-------------------------------------------
     0 | D:1      | Chiseanne the Spriggan Assassin began the quest for the Orb.
     0 | D:1      | Reached XP level 1. HP: 10/10 MP: 2/2
    36 | D:1      | Reached skill level 6 in Stealth
    36 | D:1      | Reached XP level 2. HP: 10/14 MP: 3/3
   253 | D:1      | Reached skill level 7 in Stealth
   739 | D:1      | Reached XP level 3. HP: 9/18 MP: 4/4
  1244 | D:2      | Reached skill level 8 in Stealth
  1335 | D:2      | Slain by a worm

Skill      XL: |  1  2  3 |
---------------+----------+-----
Stealth        | 6 7 8 |  8.1
Fighting       | |  1.5
Short Blades   | |  2.1
Throwing       | |  2.0
Dodging        | |  1.5

Action                   || total
-------------------------++-------
Melee: Dagger            ||    83
 Fire: Blowgun           ||    22
  Use: Scroll            ||     9
 Stab: Sleeping          ||     9
       Distracted        ||     1
Armor: Robe              ||     8
Dodge: Dodged            ||    54
